Map: Baie du Roi EC

Players

Nikolai - Winner!

  • Race: Terran Terran
  • League: Diamond
  • Spawn Location: 5:00

Sorandom

  • Race: Zerg Zerg
  • League: Diamond
  • Spawn Location: 11:00

VOD

Have the link to the VOD?

Description

Time

  • Played on: April 12, 2019, 11:47 p.m.
  • Length: 5:25
Show
View Real Time Build Order
Export as new Build Order

Nikolai Terran - Winner!

Build Orders:  

Get SALT Encoding   

  12  0:02  SCV  
  14  0:14  SCV  
  14  0:22  Supply Depot  
  14  0:26  SCV  
  15  0:44  SCV  
  15  0:45  Barracks  
  16  0:50  Refinery  
  16  0:56  SCV  
  17  1:08  SCV  
  18  1:20  SCV  
  19  1:32  SCV, Marine  
  20  1:39  Refinery, Barracks  
  21  1:52  Factory  
  21  2:00  Barracks Tech Lab  
  21  2:10  Orbital Command  
  21  2:20  Marauder  
  23  2:24  Supply Depot  
  23  2:30  Stimpack  
  23  2:43  Factory Tech Lab  
  23  2:45  SCV, Marine  
  25  2:52  Marauder  
  27  3:01  Supply Depot  
  27  3:03  Marine  
  28  3:09  Siege Tank  
  31  3:22  Marine  
  31  3:23  SCV  
  31  3:26  Supply Depot  
  31  3:35  SCV  
  31  3:38  Marine  
  31  3:41  Marauder  
  30  3:47  SCV  
  31  3:54  Supply Depot  
  31  3:55  Marine  
  31  4:00  Supply Depot  
  31  4:02  Marine  
  33  4:17  Marine  
  33  4:20  Marauder  
  33  4:21  SCV  
  37  4:28  Starport  
  37  4:35  Marine  
  34  4:41  Marauder  
  35  4:51  SCV  
  36  4:53  Marine  
  36  4:54  Supply Depot  
  37  5:02  Marine  
Show
View Real Time Build Order
Export as new Build Order

Sorandom Zerg 

Build Orders: Pool Only, Ravager All-In 

Get SALT Encoding   

  12  0:18  Spawning Pool  
  11  0:25  Drone  
  11  0:28  Drone  
  13  0:32  Drone  
  14  0:44  Extractor  
  14  0:45  Drone  
  14  0:46  Extractor  
  14  0:47  Drone  
  14  1:06  Roach Warren  
  13  1:13  Drone  
  14  1:23  Overlord  
  14  1:29  Overlord  
  14  1:46  Roach  
  16  1:50  Roach  
  18  2:01  Roach  
  20  2:06  Ravager  
  21  2:10  Ravager  
  22  2:18  Roach  
  22  2:22  Ravager  
  25  2:41  Ravager  
  25  2:43  Roach  
  28  2:45  Overlord  
  28  2:57  Roach  
  30  3:04  Ravager  
  28  3:35  Roach x3  
  31  3:46  Roach  
  30  3:58  Roach  
  30  4:00  Ravager x3  
  35  4:07  Ravager  
  36  4:21  Overlord  
  36  4:53  Roach  
  36  4:58  Overlord x2  
Tags
 
Matchup
TvZ
Opening
Pool Only
Replay Pack
Pack
Spawn Locations
Cross Positions
Add a new tag
Caveats
  • Supply blocks, unpowered buildings, or Contaminate may cause inaccurate times.
  • Supply counts are checked every 10 seconds.